 Dungeon Crawl Stone Soup version 0.26.0-10-g1f06aea511 (webtiles) character file.

Game seed: 15770043889885736244

700 Dirian the Covered (level 7, -4/60 HPs)
             Began as a Minotaur Fighter on Jan 21, 2021.
             Killed by divine providence
             ... invoked by an orc priest
              (12 damage)
             ... on level 6 of the Dungeon.
             The game lasted 00:05:58 (4551 turns).

Dirian the Covered (Minotaur Fighter)               Turns: 4551, Time: 00:05:58

Health: -4/60      AC:  8    Str: 21    XL:     7   Next: 38%
Magic:  6/6        EV:  9    Int:  5    God:
Gold:   423        SH: 11    Dex: 11    Spells: 6/6 levels left

rFire    + . .     SeeInvis +   b - +0 scimitar
rCold    . . .     Faith    .   c - +1 kite shield
rNeg     . . .     Spirit   .   h - +0 scale mail
rPois    .         Reflect  .   (helmet restricted)
rElec    .         Harm     .   (no cloak)
rCorr    .         Rampage  .   (no gloves)
Will     .....                  j - +0 pair of boots
Stlth    ..........             (no amulet)
HPRegen  0.20/turn              l - ring of protection from fire
MPRegen  0.10/turn              m - ring of see invisible

@: mighty
A: retaliatory headbutt, horns 2
a: no special abilities


You were on level 6 of the Dungeon.
You visited 1 branch of the dungeon, and saw 6 of its levels.

You collected 423 gold pieces.

Inventory:

Hand Weapons
 a - a +0 long sword
 b - a +0 scimitar (weapon)
Armour
 c - a +1 kite shield (worn)
 h - a +0 scale mail (worn)
 j - a +0 pair of boots (worn)
Jewellery
 l - a ring of protection from fire (left hand)
 m - a ring of see invisible (right hand)
Scrolls
 f - 3 scrolls of enchant armour
 g - a scroll of magic mapping
 r - a scroll of identify
 t - 2 scrolls of teleportation
 x - a scroll of remove curse
Potions
 e - a potion of attraction
 i - 2 potions of cancellation
 n - a potion of resistance {unknown}
 o - a potion of ambrosia
 q - a potion of curing
 s - a potion of lignification {unknown}
 w - 2 potions of heal wounds


   Skills:
 + Level 4.7 Fighting
 + Level 5.0 Long Blades
 + Level 5.8 Armour
 * Level 2.9 Dodging
 - Level 5.0 Shields
 * Level 3.1 Evocations


You had 6 spell levels left.
You didn't know any spells.
Your spell library was empty.

Dungeon Overview and Level Annotations

Branches:
Dungeon (6/15)
 Temple: D:4-7

Altars:
Ashenzari
Nemelex Xobeh
Xom

Shops:
D:6 ?(

Annotations:
D:5 3 runed translucent doors, Dracia's ghost, novice MfGl


Innate Abilities, Weirdness & Mutations

You reflexively headbutt those who attack you in melee.
You have a pair of horns on your head.


Message History

The orc wizard hits you but does no damage.
You block the orc priest's attack.
You barely miss the orc priest. You headbutt the orc priest!
The orc priest is heavily wounded.
The orc warrior closely misses you. You block the orc wizard's attack.
The orc priest misses you. You furiously retaliate!
You headbutt the orc priest. You barely miss the orc priest.
The orc priest is severely wounded.
You block the orc warrior's attack.
The orc wizard hits you with a +0 dagger.
* * * LOW HITPOINT WARNING * * *
You block the orc priest's attack.
Okay, then.
You feel much better. You block the orc wizard's attack.
The orc warrior hits you from afar with a +0 trident.
* * * LOW HITPOINT WARNING * * *
The orc priest calls down the wrath of Beogh upon you.
Beogh smites you!
You die...

##.....# ##..#
.......###..... .##...
.......∩....... ......
............## .....
..##......#.## #....
..........#..# ##...#
.......#....####..o####.
.......##)..#.#.oo......
..#.##.#.))...#.@o......
#.#.....................
. .....##.#.............
.#.#####...#...........
# #....#.!.........
#..#.............
#.##.##......###. ...
...........# ..#
.......#.....


You could see an orc warrior, 2 orc priests and an orc wizard.

Vanquished Creatures
  2 phantoms
  An ogre (D:5)
  A howler monkey (D:5)
  An orc priest (D:6)
  A jelly (D:6)
  2 orc wizards
  2 iguanas
  A worker ant (D:5)
  A hound zombie (D:6)
  4 gnolls
  7 adders
  An adder zombie (D:5)
  An adder skeleton (D:4)
  4 worms
  A dart slug (D:1)
  A leopard gecko (D:2)
  6 orcs
  8 bats
  3 giant cockroaches
  6 goblins (D:2)
  6 hobgoblins
  11 jackals
  3 kobolds (D:2)
  2 quokkas
  3 frilled lizards
  A leopard gecko skeleton (D:4)
  10 rats
90 creatures vanquished.

Notes
Turn   | Place    | Note
-------+----------+-------------------------------------------
     0 | D:1      | Dirian the Minotaur Fighter began the quest for the Orb.
     0 | D:1      | Reached XP level 1. HP: 19/19 MP: 0/0
   494 | D:1      | Reached skill level 1 in Evocations
   725 | D:2      | Reached XP level 2. HP: 27/27 MP: 1/1
   740 | D:2      | Reached XP level 3. HP: 33/33 MP: 2/2
   921 | D:2      | Reached XP level 4. HP: 38/40 MP: 3/3
  1231 | D:2      | Reached skill level 5 in Shields
  2018 | D:3      | Reached XP level 5. HP: 45/46 MP: 4/4
  2024 | D:3      | Reached skill level 1 in Dodging
  2908 | D:4      | Noticed a phantom
  2923 | D:4      | Killed a phantom
  2924 | D:4      | Reached XP level 6. HP: 41/53 MP: 5/5
  3022 | D:4      | Found a broken altar of Ashenzari.
  3326 | D:5      | Entered Level 5 of the Dungeon
  3417 | D:5      | Reached skill level 5 in Armour
  3554 | D:5      | Found a sparkling altar of Nemelex Xobeh.
  3659 | D:5      | Reached XP level 7. HP: 23/60 MP: 6/6
  3965 | D:5      | Found a shimmering altar of Xom.
  4303 | D:5      | Found a runed translucent gate.
  4304 | D:5      | Found a runed translucent gate.
  4304 | D:5      | Found a runed translucent gate.
  4305 | D:5      | Noticed Dracia's ghost (novice MfGl)
  4497 | D:6      | Found Goli's Magic Scroll Shoppe.
  4516 | D:6      | Found Jieruebb's Weapon Emporium.
  4531 | D:6      | Reached skill level 5 in Long Blades
  4548 | D:6      | HP: 3/60 [orc priest/nerve-wracking pain (2)]
  4551 | D:6      | Killed from afar by an orc priest

Illustrated notes

Levels and vault maps discovered:
D:1:      minmay_arrival_statue_studded, layout_basic, columned_hall_lemuel,
          hex_tiny, minmay_misc_feat_diagonals
D:2:      wad_river_or_something, layout_basic, serial_bayou_pond_b
D:3:      layout_basic, minmay_cut_off
D:4:      layout_cave_pools, ashenzari_conservatory_becter
D:5:      layout_loops_ring, lemuel_coloured_pillars_altar, basic_altar,
          gammafunk_ghost_necromancy
D:6:      layout_cave_pools, minmay_temple_entry_mini_moons, serial_shops, shop,
          nicolae_shop_crystal

Skill      XL: |  1  2  3  4  5  6  7 |
---------------+----------------------+-----
Evocations     | 1 2 3 |  3.1
Shields        | 4 5 |  5.0
Fighting       | 4 |  4.7
Armour         | 4 5 |  5.8
Long Blades    | 3 4 5 |  5.0
Dodging        | 1 2 |  2.9

Action                   |  1- 3 |  4- 6 |  7- 9 || total
-------------------------+-------+-------+-------++-------
Melee: Long sword        |    55 |    94 |       ||   149
       Headbutt          |     8 |    25 |     9 ||    42
       Scimitar          |       |    41 |    36 ||    77
  Use: Scroll            |       |    12 |     1 ||    13
       Potion            |       |       |     2 ||     2
Armor: Scale mail        |    19 |    64 |     7 ||    90
Dodge: Dodged            |    27 |    51 |    19 ||    97
Block: Kite shield       |    29 |    85 |    22 ||   136
       Rpst.: Long sword |    10 |    11 |       ||    21
       Scimitar          |       |     2 |     7 ||     9
